 Dungeon Crawl Stone Soup version 0.23.2-1-ga50397a (webtiles) character file.

Game seed: 15449710935142811150

1022 xveg the Slinger (level 8, 0/70 HPs)
             Began as a Minotaur Hunter on May 8, 2019.
             Slain by a gnoll
             ... wielding a +0 halberd
              (7 damage)
             ... on level 6 of the Dungeon.
             The game lasted 00:10:45 (4148 turns).

xveg the Slinger (Minotaur Hunter)                  Turns: 4148, Time: 00:10:46

Health: 0/70       AC:  6    Str: 18    XL:     8   Next: 2%
Magic:  0/7        EV: 12    Int:  8    God:
Gold:   268        SH:  0    Dex: 12    Spells: 7/7 levels left

rFire    . . .     SeeInvis .   a - +1 hunting sling
rCold    . . .     Gourm    .   (no shield)
rNeg     . . .     Faith    .   k - +0 ring mail
rPois    .         Spirit   +   (helmet restricted)
rElec    .         Reflect  .   A - scarf {Spirit}
rCorr    .         Harm     .   s - +0 pair of gloves
MR       .....                  (no boots)
Stlth    ++........             (no amulet)
HPRegen  0.21/turn              q - ring of stealth
MPRegen  0.10/turn              (no ring)

@: lethally poisoned (0 -> -1)
A: retaliatory headbutt, horns 2
a: no special abilities


You were on level 6 of the Dungeon.
You were hungry.

You visited 1 branch of the dungeon, and saw 6 of its levels.

You collected 268 gold pieces.

Inventory:

Hand Weapons
 a - a +1 hunting sling (weapon)
 b - a +0 short sword
Missiles
 g - 123 stones (quivered)
 l - a throwing net
 r - 24 bolts
 u - 29 arrows
Armour
 c - a +0 leather armour
 k - a +0 ring mail (worn)
 n - a cursed +0 robe
 s - a +0 pair of gloves (worn)
 A - a scarf of spirit shield (worn)
Jewellery
 q - a ring of stealth (left hand)
Wands
 m - a wand of enslavement (6)
 w - a wand of paralysis (8)
Scrolls
 d - 2 scrolls of fog {unknown}
 e - 7 scrolls of teleportation {unknown}
 h - 10 scrolls of identify
 o - 3 scrolls of magic mapping
 v - 2 scrolls of amnesia {unknown}
 y - 2 scrolls of remove curse
 B - 2 scrolls of blinking
Potions
 i - 3 potions of heal wounds
 j - 5 potions of curing {unknown}
 p - a potion of might {unknown}
 t - a potion of flight {unknown}
 x - a potion of cancellation {unknown}
 z - a potion of ambrosia {unknown}
Comestibles
 f - 16 rations


   Skills:
 + Level 5.6 Fighting
 + Level 9.3 Slings
 + Level 2.8 Armour
 + Level 3.1 Dodging
 + Level 1.0 Stealth
 + Level 0.1 Evocations


You had 7 spell levels left.
You didn't know any spells.
Your spell library was empty.

Dungeon Overview and Level Annotations

Branches:
Dungeon (6/15)
 Temple: D:4-7

Altars:
Fedhas
Wu Jian
Zin

Annotations:
D:4 1 runed translucent door


Innate Abilities, Weirdness & Mutations

You reflexively headbutt those who attack you in melee.
You have a pair of horns on your head.


Message History

You shoot a stone.
The stone hits the gnoll but does no damage.
The gnoll is almost dead.
The gnoll barely misses you.
Firing (i - inventory. (/) - cycle)
g - 126 stones (quivered)
Press: ? - help, Shift-Dir - straight line, f/p - gnoll
Aim: a gnoll, wielding a +0 halberd (almost dead)
You shoot a stone. The stone hits the gnoll!
You kill the gnoll!
Firing (i - inventory. (/) - cycle)
g - 125 stones (quivered)
Press: ? - help, Shift-Dir - straight line, f - gnoll
Aim: a gnoll, wielding a +0 halberd (heavily wounded)
You shoot a stone. The stone barely misses the gnoll.
You feel sick.
Firing (i - inventory. (/) - cycle)
g - 124 stones (quivered)
Press: ? - help, Shift-Dir - straight line, f/p - gnoll
Aim: a gnoll, wielding a +0 halberd (heavily wounded)
You shoot a stone. The stone hits the gnoll.
The gnoll is severely wounded.
The gnoll hits you from afar with a +0 halberd!
You die...

# #..[###.....#
#.#.#######.#.#
#.........#.#.#
####.####.#>#.#
#.# #.....#
#.##########
#.....# #.###.#
#.@...# #)###.#
######g##
#....((.#
#.......+
#.?.....#
#.......#
#..((...#
#....((.#


You could see a gnoll.

Vanquished Creatures
  An orc warrior (D:3)
  An ice beast (D:5)
  A phantom (D:4)
  An ogre (D:6)
  A centaur (D:6)
  Blork the orc (D:4)
  A scorpion (D:6)
  A hound (D:4)
  2 orc wizards
  2 iguanas (D:4)
  2 worker ants (D:5)
  Robin (D:2)
  A howler monkey zombie (D:5)
  A worker ant zombie (D:5)
  8 gnolls
  3 adders
  A shadow imp (D:5)
  An adder skeleton (D:6)
  5 worms
  A dart slug (D:1)
  4 leopard geckos
  11 orcs
  3 giant cockroaches
  14 goblins
  12 hobgoblins
  14 jackals
  A kobold (D:1)
  5 quokkas
  A ball python (D:4)
  9 bats
  3 frilled lizards
  A jackal skeleton (D:4)
  4 rats
118 creatures vanquished.

Notes
Turn   | Place    | Note
-------+----------+-------------------------------------------
     0 | D:1      | xveg the Minotaur Hunter began the quest for the Orb.
     0 | D:1      | Reached XP level 1. HP: 18/18 MP: 0/0
    33 | D:1      | Reached XP level 2. HP: 20/25 MP: 1/1
   147 | D:1      | Reached skill level 5 in Slings
   468 | D:1      | Reached XP level 3. HP: 30/30 MP: 2/2
   808 | D:2      | Noticed Robin
   829 | D:2      | Killed Robin
   904 | D:2      | Reached XP level 4. HP: 35/37 MP: 3/3
  1086 | D:2      | Reached skill level 6 in Slings
  1684 | D:3      | Noticed an orc warrior
  1707 | D:3      | Killed an orc warrior
  1707 | D:3      | Reached skill level 7 in Slings
  1707 | D:3      | Reached skill level 1 in Armour
  1707 | D:3      | Reached XP level 5. HP: 43/45 MP: 4/4
  2151 | D:3      | Reached XP level 6. HP: 51/51 MP: 5/5
  2717 | D:4      | Found a glowing silver altar of Zin.
  2717 | D:4      | Found a runed translucent door.
  2717 | D:4      | Noticed an angel
  2724 | D:4      | Noticed Blork the orc
  2735 | D:4      | Killed Blork the orc
  2881 | D:4      | Reached skill level 8 in Slings
  2881 | D:4      | Reached XP level 7. HP: 60/60 MP: 6/6
  3000 | D:4      | Found an ornate altar of the Wu Jian Council.
  3251 | D:5      | Entered Level 5 of the Dungeon
  3395 | D:5      | Reached skill level 1 in Stealth
  3583 | D:5      | Found a blossoming altar of Fedhas.
  3789 | D:6      | Reached skill level 5 in Fighting
  4011 | D:6      | Reached skill level 9 in Slings
  4138 | D:6      | Reached XP level 8. HP: 11/70 MP: 3/7
  4148 | D:6      | Slain by a gnoll

Skill      XL: |  1  2  3  4  5  6  7 |
---------------+----------------------+-----
Slings         | 5 7 8 9 |  9.3
Fighting       | 3 4 5 |  5.6
Armour         | 1 2 |  2.8
Stealth        | 1 |  1.0
Dodging        | 3 |  3.1
Evocations     | |  0.1

Action                   |  1- 3 |  4- 6 |  7- 9 || total
-------------------------+-------+-------+-------++-------
Melee: Short sword       |     1 |     4 |       ||     5
       Hunting sling     |       |     6 |       ||     6
       Headbutt          |       |     1 |       ||     1
 Fire: Hunting sling     |    83 |   233 |   134 ||   450
Evoke: Wand              |       |     3 |       ||     3
  Use: Scroll            |       |     4 |       ||     4
       Potion            |       |     2 |       ||     2
  Eat: Chunk             |       |     2 |       ||     2
       Ration            |       |     1 |     1 ||     2
Armor: Leather armour    |     5 |       |       ||     5
       Ring mail         |     9 |    46 |     3 ||    58
       Skin              |       |     7 |       ||     7
Dodge: Dodged            |    19 |    60 |    12 ||    91
